[Event "2nd Turkish League 2017"]
[Site "Konya"]
[Date "2017.07.22"]
[Round "8"]
[White "Ilkbahar, Nimet Seray"]
[Black "Hafizoglu, Bengi"]
[Result "1/2-1/2"]
[ECO "B22"]
[WhiteElo "1618"]
[BlackElo "1415"]
[Annotator "NA"]
[PlyCount "73"]
[EventType "team-tourn"]
[EventCountry "TUR"]
[SourceTitle "playchess.com"]
[Source "ChessBase"]
[SourceQuality "1"]
[TimeControl "5400+30"]

1. e4 c5 2. c3 Nf6 3. e5 Nd5 4. Nf3 Nc6 5. d4 cxd4 6. cxd4 d6 7. Bc4 Nb6 8. Bb5 d5 9. h3 Bf5 10. Nc3 e6 11. O-O Be7 12. Bd3 Bxd3 13. Qxd3 O-O 14. a3 Na5 15. Nd2 Nbc4 16. b4 Nxd2 17. Bxd2 Nb3 18. Rab1 Nxd2 19. Qxd2 Rc8 20. Rbc1 Qd7 21. Rc2 Rc4 22. Rfc1 Rfc8 23. Nd1 Qa4 24. Ne3 Rxc2 25. Rxc2 Rxc2 26. Nxc2 Qb3 27. g3 h6 28. Kg2 Bd8 29. h4 Bb6 30. Kg1 Qb1+ 31. Kg2 Qb3 32. Kg1 Qb2 33. Qd1 Kf8 34. Kf1 Qc3 35. Ke2 Ke7 36. Qd3 Qxd3+ 37. Kxd3 1/2-1/2

[Event "2nd Turkish League 2017"]
[Site "Konya"]
[Date "2017.07.22"]
[Round "8"]
[White "Catal, Uktenur"]
[Black "Baloglu, Dila"]
[Result "1-0"]
[ECO "A48"]
[WhiteElo "1613"]
[BlackElo "1379"]
[Annotator "NA"]
[PlyCount "92"]
[EventType "team-tourn"]
[EventCountry "TUR"]
[SourceTitle "playchess.com"]
[Source "ChessBase"]
[SourceQuality "1"]
[TimeControl "5400+30"]

1. d4 g6 2. Nf3 Bg7 3. Bf4 d6 4. e3 Nf6 5. h3 Nbd7 6. Be2 c5 7. c3 b6 8. O-O O-O 9. a4 a6 10. Nbd2 Bb7 11. Qb3 Re8 12. Rfd1 Qc7 13. Bh2 Rac8 14. Rac1 Qb8 15. Bc4 e6 16. Re1 Bh6 17. Rcd1 Bf8 18. Bd3 Qa8 19. e4 cxd4 20. cxd4 d5 21. e5 Ne4 22. Nf1 Rc7 23. Bf4 Rec8 24. N3h2 Be7 25. f3 h5 26. fxe4 dxe4 27. Bb1 Bd5 28. Qg3 h4 29. Qg4 Bb4 30. Bd2 Bxd2 31. Nxd2 e3 32. Rxe3 Rc1 33. Ree1 Rxd1 34. Rxd1 Qc6 35. Rf1 Kg7 36. Nhf3 Qxa4 37. Qxh4 Rh8 38. Qf4 Rf8 39. Qg4 Qb4 40. Be4 Qe7 41. Bxd5 exd5 42. h4 a5 43. Rc1 Qd8 44. h5 Rh8 45. hxg6 fxg6 46. Ng5 Kf8 1-0

[Event "2nd Turkish League 2017"]
[Site "Konya"]
[Date "2017.07.22"]
[Round "8"]
[White "Alparslan, Melisa Nur"]
[Black "Bolu, Yagmur"]
[Result "0-1"]
[ECO "B07"]
[WhiteElo "1443"]
[BlackElo "1464"]
[Annotator "NA"]
[PlyCount "132"]
[EventType "team-tourn"]
[EventCountry "TUR"]
[SourceTitle "playchess.com"]
[Source "ChessBase"]
[SourceQuality "1"]
[TimeControl "5400+30"]

1. e4 g6 2. d4 Bg7 3. Nf3 d6 4. h3 Nf6 5. Bd3 O-O 6. Be3 c6 7. O-O Qc7 8. Nbd2 Nbd7 9. Re1 Re8 10. Nf1 b5 11. Ng3 Bb7 12. Rc1 a6 13. c3 e5 14. Qd2 Rad8 15. Bh6 d5 16. exd5 Nxd5 17. Bxg7 Kxg7 18. dxe5 Nxe5 19. Nxe5 Rxe5 20. Rxe5 Qxe5 21. Re1 Qc7 22. Bc2 Nf4 23. Qe3 c5 24. f3 Nxh3+ 25. Kh2 Nf4 26. Qf2 Nh5 27. Re3 Qxg3+ 28. Qxg3 Nxg3 29. Kxg3 Rd2 30. Bd3 c4 31. Bf1 Rxb2 32. Re2 Rb1 33. Rf2 Rc1 34. Kf4 Rxc3 35. Ke5 Re3+ 36. Kd4 Re6 37. g3 Rf6 38. Bg2 Rd6+ 39. Kc3 Rd3+ 40. Kc2 a5 41. f4 Bxg2 42. Rxg2 b4 43. g4 Rf3 44. f5 gxf5 45. gxf5+ Kf6 46. Rh2 Rxf5 47. Rxh7 Rf2+ 48. Kb1 Kg6 49. Rh4 c3 50. Rc4 Rb2+ 51. Ka1 Rg2 52. Kb1 Rb2+ 53. Ka1 a4 54. Rc5 a3 55. Rc4 c2 56. Rg4+ Kf5 57. Rg1 b3 58. axb3 Rxb3 59. Rc1 Rb1+ 60. Rxb1 cxb1=Q+ 61. Kxb1 Kg4 62. Ka2 f5 63. Kxa3 f4 64. Kb3 f3 65. Kc4 f2 66. Kd4 f1=Q 0-1

[Event "2nd Turkish League 2017"]
[Site "Konya"]
[Date "2017.07.23"]
[Round "9"]
[White "Rzayev, Bahruz"]
[Black "Tasci, Onur"]
[Result "1-0"]
[ECO "A39"]
[WhiteElo "2386"]
[BlackElo "1989"]
[Annotator "NA"]
[PlyCount "93"]
[EventType "team-tourn"]
[EventCountry "TUR"]
[SourceTitle "playchess.com"]
[Source "ChessBase"]
[SourceQuality "1"]
[TimeControl "5400+30"]

1. Nf3 Nf6 2. g3 g6 3. Bg2 Bg7 4. O-O c5 5. c4 O-O 6. Nc3 Nc6 7. d4 cxd4 8. Nxd4 Qb6 {[%emt 0:04:30] LiveBook: 150 Games} 9. Ndb5 a6 10. Be3 Qa5 11. Na3 Qh5 12. Bd2 d6 13. e4 Bg4 14. f3 Bd7 $11 15. Be3 Rac8 16. Qd2 Qa5 17. g4 Be6 18. Qe1 Qb4 19. Rf2 Bxc4 20. Nxc4 Qxc4 21. g5 Nd7 22. Nd5 e6 23. b3 Qb5 24. Bf1 Qa5 25. Ne7+ Kh8 26. Nxc8 Qe5 27. Rd1 Rxc8 28. Qd2 Nf8 29. Qxd6 Qc3 30. Qc5 Ne5 31. Qxc3 Rxc3 32. Re1 Nfd7 33. Kg2 f6 34. gxf6 Bxf6 35. Rd2 Bh4 36. Ree2 Rxe3 37. Rxe3 Bg5 38. Rxd7 Nxd7 39. Rc3 Bf4 40. Rc8+ Kg7 41. Bc4 Kf7 42. Rd8 Ke7 43. Rc8 Be5 44. h4 Nb6 45. Rg8 Nd7 46. f4 Kf7 47. fxe5 1-0

[Event "2nd Turkish League 2017"]
[Site "Konya"]
[Date "2017.07.23"]
[Round "9"]
[White "Yagiz, Yasin Emrah"]
[Black "Hacioglu, Berkan"]
[Result "1-0"]
[ECO "A36"]
[WhiteElo "2172"]
[BlackElo "1915"]
[Annotator "NA"]
[PlyCount "63"]
[EventType "team-tourn"]
[EventCountry "TUR"]
[SourceTitle "playchess.com"]
[Source "ChessBase"]
[SourceQuality "1"]
[TimeControl "5400+30"]

1. c4 c5 2. Nc3 Nc6 3. g3 g6 4. Bg2 Bg7 5. e3 Nf6 6. Nge2 O-O 7. O-O d6 8. a3 Rb8 9. b4 {[%emt 0:07:30] A36: Symmetrical English vs ...g6: 4 Bg2 Bg7} (9. Rb1 e5 10. b4 Be6 11. Qb3 Ne7 12. Nd5 cxb4 13. axb4 b5 14. Nec3 bxc4 15. Qxc4 Qd7 16. Nxf6+ Bxf6 {0-1 (51) Maghsoodloo,P (2447)-Dalir,A (2297) Hamedan 2015}) 9... Ne5 10. d3 a6 11. f4 $146 ({Predecessor:} 11. Rb1 cxb4 12. axb4 b5 13. cxb5 axb5 14. Nf4 Bb7 15. Ra1 Bxg2 16. Kxg2 {0-1 (76) Moeller,H (1597)-Grund,S (1791) Hannover 2014}) 11... Ned7 12. Rb1 cxb4 13. Rxb4 Qc7 14. h3 b6 15. Kh2 Bb7 16. e4 e6 17. Be3 Ba8 18. Qd2 Rfd8 19. g4 Nf8 20. Rfb1 N6d7 21. Kh1 Nc5 22. Ng3 $14 a5 23. R4b2 Bxc3 24. Qxc3 Na4 25. Qf6 Nxb2 26. Bd4 e5 27. fxe5 dxe5 28. Bxe5 Qxe5 29. Qxe5 Nxd3 30. Qc3 Nf4 31. h4 Rd3 32. Qe5 1-0

[Event "2nd Turkish League 2017"]
[Site "Konya"]
[Date "2017.07.23"]
[Round "9"]
[White "Kerem, Halil Ozgun"]
[Black "Bori, Ekin Sukru"]
[Result "1/2-1/2"]
[ECO "A37"]
[WhiteElo "2074"]
[BlackElo "1597"]
[Annotator "NA"]
[PlyCount "61"]
[EventType "team-tourn"]
[EventCountry "TUR"]
[SourceTitle "playchess.com"]
[Source "ChessBase"]
[SourceQuality "1"]
[TimeControl "5400+30"]

1. Nf3 c5 2. g3 g6 3. Bg2 Bg7 4. c4 Nc6 5. Nc3 d6 6. O-O e5 7. a3 Nge7 8. d3 {[%emt 0:01:30] LiveBook: 342 Games} O-O $11 9. Rb1 a5 10. Bd2 Rb8 11. Ne1 Bd7 12. Nc2 Nd4 13. b4 axb4 14. axb4 Bc6 15. Nxd4 cxd4 16. Nd5 Nxd5 17. cxd5 Bb5 18. Rc1 Qd7 19. Qc2 Rbc8 20. Qa2 f5 21. f3 b6 22. Rxc8 Rxc8 23. Rc1 Rxc1+ 24. Bxc1 Ba4 25. Qc4 Bb5 26. Qa2 Ba4 27. Qc4 Bb5 28. Qa2 Ba4 29. Qc4 Bb5 30. Qa2 Ba4 31. Qc4 1/2-1/2

[Event "2nd Turkish League 2017"]
[Site "Konya"]
[Date "2017.07.23"]
[Round "9"]
[White "Bayrak, Asli"]
[Black "Salt, Ilayda"]
[Result "1-0"]
[ECO "C02"]
[WhiteElo "2056"]
[BlackElo "1544"]
[Annotator "NA"]
[PlyCount "95"]
[EventType "team-tourn"]
[EventCountry "TUR"]
[SourceTitle "playchess.com"]
[Source "ChessBase"]
[SourceQuality "1"]
[TimeControl "5400+30"]

1. e4 e6 2. d4 d5 3. e5 c5 4. c3 cxd4 5. cxd4 Nc6 6. Nf3 Bd7 7. Nc3 Rc8 8. Be2 Nge7 9. O-O Nf5 10. a3 {[%emt 0:02:30] C02: French: Advance Variation} Na5 (10... a6 $11 {remains equal.} 11. Rb1 h6 12. Kh1 b5 13. Be3 Na5 14. Bd3 g6 15. Bc1 Nh4 16. Ne1 Nc4 17. Ne2 Nf5 18. Nc2 Na5 {1-0 (37) Rapport,R (2671)-Sandipan,C (2585) Abu Dhabi 2015}) 11. Bd3 $146 ({Predecessor:} 11. Bb5 Bxb5 12. Nxb5 a6 13. Bg5 Qb6 14. Rc1 Rxc1 15. Qxc1 Nc6 {0-1 (15) Moser,L-Brennenstuhl,O Germany 1997}) 11... Nh4 12. Ng5 g6 13. g3 h6 14. Nh3 Nf5 15. Bxf5 gxf5 16. Nf4 Be7 17. Qh5 Nb3 18. Rb1 Nxd4 19. Rd1 Nb3 20. Ncxd5 Nxc1 21. Rbxc1 $16 Rxc1 22. Rxc1 Bg5 23. h4 Bxf4 24. Nxf4 Kf8 25. Qd1 Ke8 26. Nh5 Bc6 27. Nf6+ Ke7 28. b4 a6 29. Qc2 Qc7 30. Qc5+ Kd8 31. a4 Qe7 32. Rd1+ Bd5 33. Qa7 Qc7 34. Qa8+ Qc8 35. Qxc8+ Kxc8 36. Nxd5 exd5 37. Rxd5 Re8 38. Kg2 Re6 39. Kf3 Kc7 40. Kf4 Kc6 41. Rc5+ Kb6 42. Kxf5 Rg6 43. a5+ Ka7 44. Rc7 Rg8 45. Rxf7 Rd8 46. Ke6 Rd4 47. Rf4 Rd2 48. Kf7 1-0

[Event "2nd Turkish League 2017"]
[Site "Konya"]
[Date "2017.07.23"]
[Round "9"]
[White "Alaz, Ahmet Efekan"]
[Black "Yalim, Suleyman"]
[Result "1/2-1/2"]
[ECO "B73"]
[WhiteElo "2015"]
[BlackElo "2039"]
[Annotator "NA"]
[PlyCount "65"]
[EventType "team-tourn"]
[EventCountry "TUR"]
[SourceTitle "playchess.com"]
[Source "ChessBase"]
[SourceQuality "1"]
[TimeControl "5400+30"]

1. e4 c5 2. Nf3 d6 3. d4 cxd4 4. Nxd4 Nf6 5. Nc3 g6 6. Be2 Bg7 7. Be3 O-O 8. O-O Nc6 9. Qd2 Bd7 {[%emt 0:01:30] LiveBook: 122 Games} 10. f3 Rc8 11. Rad1 Re8 $11 12. Kh1 Ne5 13. Nd5 Nc4 14. Bxc4 Rxc4 15. b3 Rc8 16. c4 a6 17. Bh6 Nxd5 18. Bxg7 Kxg7 19. cxd5 Qb6 20. Rc1 Rxc1 21. Rxc1 Rc8 22. Rxc8 Bxc8 23. Qc3 f6 24. h3 Qc5 25. Ne2 Bd7 26. Qxc5 dxc5 27. Kg1 Kf7 28. Kf2 Ke8 29. Ke3 Kd8 30. f4 Kc7 31. Nc3 b5 32. Kd3 Kb6 33. Nd1 1/2-1/2

[Event "2nd Turkish League 2017"]
[Site "Konya"]
[Date "2017.07.23"]
[Round "9"]
[White "Ibik, Halit Yavuz"]
[Black "Aktas, Ilker"]
[Result "1/2-1/2"]
[ECO "B53"]
[WhiteElo "2004"]
[BlackElo "1905"]
[Annotator "NA"]
[PlyCount "46"]
[EventType "team-tourn"]
[EventCountry "TUR"]
[SourceTitle "playchess.com"]
[Source "ChessBase"]
[SourceQuality "1"]
[TimeControl "5400+30"]

1. e4 c5 2. Nf3 d6 3. d4 cxd4 4. Qxd4 Nc6 5. Bb5 Nf6 6. Nc3 e6 7. e5 dxe5 8. Qxd8+ Kxd8 9. Bxc6 bxc6 10. Nxe5 Ke8 11. Be3 Nd5 $11 12. Ne4 Nxe3 13. fxe3 f5 14. Nd2 Ba6 15. O-O-O Rc8 16. Ndc4 Bxc4 17. Nxc4 Bc5 18. Rd3 Ke7 19. Ne5 Bd6 20. Nc4 Bc5 21. Ne5 Bd6 22. Nc4 Bc5 23. Ne5 Bd6 1/2-1/2

[Event "2nd Turkish League 2017"]
[Site "Konya"]
[Date "2017.07.23"]
[Round "9"]
[White "Okay, Ilkin Ege"]
[Black "Acar, Cengiz Can"]
[Result "1-0"]
[ECO "B01"]
[WhiteElo "1973"]
[BlackElo "1676"]
[Annotator "NA"]
[PlyCount "77"]
[EventType "team-tourn"]
[EventCountry "TUR"]
[SourceTitle "playchess.com"]
[Source "ChessBase"]
[SourceQuality "1"]
[TimeControl "5400+30"]

1. e4 d5 2. exd5 Qxd5 3. Nc3 Qd6 4. d4 c6 {[%emt 0:00:00] LiveBook: 348 Games} 5. Nf3 Bg4 6. Be2 Nd7 7. O-O Ngf6 8. h3 Bh5 9. g3 e6 10. Bf4 Qb4 11. a3 Qb6 12. Na4 $14 Qd8 13. b4 Nd5 14. Bd2 b5 15. Nc5 N7b6 16. g4 Bg6 17. Ne5 Qh4 18. Kg2 Rc8 19. Nxc6 Bd6 20. Nxa7 O-O 21. Nxc8 Rxc8 22. Bf3 Bf4 23. Re1 Qg5 24. Bxf4 Nxf4+ 25. Kg3 Nc4 26. Qc1 Nh5+ 27. Kh2 Qh4 28. gxh5 Qxf2+ 29. Bg2 Nd2 30. Rf1 Nxf1+ 31. Qxf1 Qxf1 32. Bxf1 Bxc2 33. Bxb5 Rd8 34. Rc1 Bf5 35. Rd1 e5 36. d5 Kf8 37. Bc6 Bc8 38. b5 f5 39. b6 1-0

[Event "2nd Turkish League 2017"]
[Site "Konya"]
[Date "2017.07.23"]
[Round "9"]
[White "Kuruz, Yusuf"]
[Black "Yasin, Hur"]
[Result "1/2-1/2"]
[ECO "C95"]
[WhiteElo "1906"]
[BlackElo "2022"]
[Annotator "NA"]
[PlyCount "28"]
[EventType "team-tourn"]
[EventCountry "TUR"]
[SourceTitle "playchess.com"]
[Source "ChessBase"]
[SourceQuality "1"]
[TimeControl "5400+30"]

1. e4 e5 2. Nf3 Nc6 3. Bb5 a6 4. Ba4 Nf6 5. O-O Be7 6. Re1 b5 7. Bb3 O-O 8. h3 d6 9. c3 Nb8 10. d4 Nbd7 $14 {[%emt 0:00:00] LiveBook: 3880 Games} 11. Nbd2 Re8 12. Ng5 Rf8 13. Ngf3 Re8 14. Ng5 Rf8 1/2-1/2

[Event "2nd Turkish League 2017"]
[Site "Konya"]
[Date "2017.07.23"]
[Round "9"]
[White "Acar, Utku Cengiz"]
[Black "Birgul, Utku"]
[Result "1-0"]
[ECO "B43"]
[WhiteElo "1863"]
[BlackElo "1441"]
[Annotator "NA"]
[PlyCount "55"]
[EventType "team-tourn"]
[EventCountry "TUR"]
[SourceTitle "playchess.com"]
[Source "ChessBase"]
[SourceQuality "1"]
[TimeControl "5400+30"]

1. e4 c5 2. Nf3 e6 3. d4 cxd4 4. Nxd4 a6 5. Nc3 Qc7 6. g3 b5 7. Bg2 Bb7 8. O-O d6 9. a4 {[%emt 0:06:30] LiveBook: 3 Games} b4 {[%emt 0:14:30] [#]} 10. Na2 $16 e5 11. Nf5 g6 12. Ne3 a5 13. c3 Na6 14. Nd5 Bxd5 15. Qxd5 Rb8 16. cxb4 Nxb4 17. Nxb4 axb4 18. Be3 Nf6 19. Qd3 Be7 20. Rfc1 Qd7 21. Bh6 Bf8 22. Bd2 Be7 23. Rc4 b3 24. Rc3 Qb7 25. Rac1 Qa8 26. Rc7 Nd7 27. Bh3 Nb6 28. Qb5+ 1-0

[Event "2nd Turkish League 2017"]
[Site "Konya"]
[Date "2017.07.23"]
[Round "9"]
[White "Oner, Oguz"]
[Black "Buker, Muhittin"]
[Result "1-0"]
[ECO "D36"]
[WhiteElo "1861"]
[BlackElo "2006"]
[Annotator "NA"]
[PlyCount "123"]
[EventType "team-tourn"]
[EventCountry "TUR"]
[SourceTitle "playchess.com"]
[Source "ChessBase"]
[SourceQuality "1"]
[TimeControl "5400+30"]

1. d4 d5 2. Nf3 Nf6 3. c4 c6 4. Nc3 e6 5. cxd5 exd5 6. Bg5 {[%emt 0:00:00] LiveBook: 1809 Games} Be7 7. Qc2 Be6 8. e3 Nbd7 9. Bd3 O-O 10. O-O Re8 11. Rab1 g6 12. b4 Rc8 13. Rfc1 Nh5 14. Bxe7 Qxe7 15. Na4 $11 b6 16. Qb3 Nhf6 17. Rc2 Ne4 18. Rbc1 c5 19. bxc5 bxc5 20. Qa3 c4 21. Qxe7 Rxe7 22. Bxe4 dxe4 23. Nd2 Nb6 24. Nxb6 axb6 25. Nxe4 Bf5 26. Nd6 Bxc2 27. Nxc8 Rc7 28. Nxb6 Bd3 29. Nd5 Ra7 30. Nb4 Ra4 31. Nxd3 cxd3 32. Rd1 Rxa2 33. f3 Ra3 34. e4 Kf8 35. Rd2 Ke7 36. Kf2 Ke6 37. Ke3 h6 38. d5+ Kd6 39. f4 f6 40. g4 g5 41. fxg5 hxg5 42. h3 Rb3 43. Rxd3 Rb4 44. Kf3 Rb1 45. Ra3 Ke5 46. Ra6 Rb3+ 47. Kg2 Rb2+ 48. Kf1 Kxe4 49. Rxf6 Rd2 50. d6 Rd3 51. Kg2 Rd2+ 52. Kf1 Rd3 53. Rh6 Kf3 54. Ke1 Rd5 55. Rh5 Kf4 56. Rh6 Kf3 57. Rg6 Kg3 58. Ke2 Re5+ 59. Kd3 Kxh3 60. Kd4 Ra5 61. d7 Ra1 62. Rd6 1-0

[Event "2nd Turkish League 2017"]
[Site "Konya"]
[Date "2017.07.23"]
[Round "9"]
[White "Kara, Ali Barkin"]
[Black "Aytekin, Murat Eren"]
[Result "0-1"]
[ECO "B40"]
[WhiteElo "1843"]
[BlackElo "2201"]
[Annotator "NA"]
[PlyCount "52"]
[EventType "team-tourn"]
[EventCountry "TUR"]
[SourceTitle "playchess.com"]
[Source "ChessBase"]
[SourceQuality "1"]
[TimeControl "5400+30"]

1. e4 c5 2. Nf3 e6 3. b3 a6 4. c4 Nc6 5. Bb2 Qc7 {[%emt 0:00:00] B40: Sicilian: 2...e6, Unusual lines} 6. Nc3 {[%emt 0:03:30] LiveBook: 26 Games} Nf6 7. d4 cxd4 8. Nxd4 Bb4 9. Nxc6 $146 ({Predecessor:} 9. f3 Qb6 10. Nc2 Be7 11. Qd2 O-O 12. O-O-O Rd8 13. g4 {½-½ (59) Sperdokli,E (2118)-Miladinovic,I (2563) Ano Liosia 2000}) 9... bxc6 10. Qc2 d5 11. exd5 cxd5 12. O-O-O dxc4 13. Bxc4 Bb7 14. f3 O-O 15. Kb1 Rfd8 16. h4 h6 17. Qe2 Nh5 18. Ne4 Bf8 19. Rhe1 a5 20. g4 $15 Ng3 21. Nxg3 Qxg3 22. Bxe6 fxe6 23. Qxe6+ Kh7 24. h5 Qxf3 25. Qg6+ Kg8 26. Rc1 Qd3+ 0-1

[Event "2nd Turkish League 2017"]
[Site "Konya"]
[Date "2017.07.23"]
[Round "9"]
[White "Bedel, Sercan Sahin"]
[Black "Ataman, Alper Efe"]
[Result "0-1"]
[ECO "C44"]
[WhiteElo "1768"]
[BlackElo "2175"]
[Annotator "NA"]
[PlyCount "82"]
[EventType "team-tourn"]
[EventCountry "TUR"]
[SourceTitle "playchess.com"]
[Source "ChessBase"]
[SourceQuality "1"]
[TimeControl "5400+30"]

1. e4 e5 2. Nf3 Nc6 3. d3 Nf6 4. Be2 d5 5. Nbd2 Bc5 6. O-O O-O 7. c3 Bb6 {[%emt 0:01:30] LiveBook: 3 Games C44: Ponziani Opening and Scotch Gambit} (7... a5 8. a4 Re8 9. Qc2 h6 10. h3 Be6 11. Re1 d4 12. Nf1 Nd7 13. Ng3 Bf8 14. cxd4 exd4 15. Nd2 Nc5 16. b3 {½-½ (78) Grischuk,A (2761)-Caruana,F (2808) Paris 2017}) 8. b4 d4 9. c4 Nxb4 10. Nxe5 Re8 11. f4 $146 ({Predecessor:} 11. Nef3 c5 12. a3 Nc6 13. Nb3 Qd6 14. Bg5 Bc7 15. Re1 {0-1 (62) Priborsky,I (2033)-Jaros,M (1665) Frymburk 2002}) 11... a5 12. a4 Nd7 13. Nxd7 Bxd7 14. Kh1 f5 15. e5 Bc6 16. Nb3 Re6 17. c5 Bxc5 18. Bf3 Bb6 19. Ba3 Nd5 20. Nc5 Bxc5 21. Bxc5 Ne3 22. Qb3 Qe8 23. Bxd4 Nxf1 24. Rxf1 Kh8 25. Bc3 $19 (25. Bxc6 $142 Qxc6 26. Be3) 25... Bxf3 26. Rxf3 Rb6 27. Qd1 Qxa4 28. Qe1 Qc2 29. Rf1 Qxd3 30. h3 a4 31. Kh2 Qd5 32. Rf3 a3 33. Ba1 Re6 34. Qb4 h6 35. Rxa3 Rxa3 36. Qxa3 Qe4 37. Qg3 Kh7 38. h4 Rg6 39. Qf2 Rg4 40. g3 Rg6 41. e6 Rxe6 0-1

[Event "2nd Turkish League 2017"]
[Site "Konya"]
[Date "2017.07.23"]
[Round "9"]
[White "Keskin, Suara"]
[Black "Tosun, Ayse Sena"]
[Result "1-0"]
[ECO "A48"]
[WhiteElo "1716"]
[BlackElo "1305"]
[Annotator "NA"]
[PlyCount "61"]
[EventType "team-tourn"]
[EventCountry "TUR"]
[SourceTitle "playchess.com"]
[Source "ChessBase"]
[SourceQuality "1"]
[TimeControl "5400+30"]

1. Nf3 Nf6 2. d4 g6 3. Bf4 d6 4. e3 Bg7 5. Be2 Nbd7 6. O-O O-O 7. h3 Re8 8. c3 b6 9. Nbd2 Bb7 10. Bh2 c5 11. Qb3 h6 12. Bd3 g5 13. Rad1 d5 14. Bb1 e6 15. Ne5 Qe7 16. Qc2 Nf8 17. f4 Ne4 18. fxg5 Bxe5 19. Bxe5 Qxg5 20. Rf3 Ng6 21. Nxe4 dxe4 22. Bf6 Qd5 23. Rg3 Qc6 24. h4 Kf8 25. h5 e5 26. hxg6 Qxf6 27. gxf7 Red8 28. Rf1 Qh4 29. Qf2 Ke7 30. f8=Q+ Rxf8 31. Rg7+ 1-0

[Event "2nd Turkish League 2017"]
[Site "Konya"]
[Date "2017.07.23"]
[Round "9"]
[White "Koc, Dogan Mehmet"]
[Black "Bolu, Yagmur"]
[Result "1/2-1/2"]
[ECO "B06"]
[WhiteElo "1712"]
[BlackElo "1464"]
[Annotator "NA"]
[PlyCount "60"]
[EventType "team-tourn"]
[EventCountry "TUR"]
[SourceTitle "playchess.com"]
[Source "ChessBase"]
[SourceQuality "1"]
[TimeControl "5400+30"]

1. e4 g6 2. g3 Bg7 3. Bg2 c6 4. d4 d6 5. Nf3 Nf6 6. Nbd2 O-O 7. O-O Bg4 8. h3 Bxf3 9. Qxf3 Nbd7 10. c4 e5 11. d5 cxd5 12. cxd5 Qc7 13. Nb3 Rac8 14. Bd2 Nb6 15. Ba5 Qe7 16. Bxb6 axb6 17. Rac1 Bh6 18. Rxc8 Rxc8 19. Qd3 Qc7 20. Qb5 Nd7 21. h4 Nc5 22. Bh3 Ra8 23. Nxc5 bxc5 24. a4 Bd2 25. b3 Qe7 26. Qd7 Qxd7 27. Bxd7 b6 28. Kg2 Ra7 29. Bh3 Re7 30. g4 Kg7 1/2-1/2

[Event "2nd Turkish League 2017"]
[Site "Konya"]
[Date "2017.07.23"]
[Round "9"]
[White "Demir, Utku Deniz"]
[Black "Turkmen, Huseyin Nafizhan"]
[Result "1/2-1/2"]
[ECO "B08"]
[WhiteElo "1680"]
[BlackElo "1817"]
[Annotator "NA"]
[PlyCount "99"]
[EventType "team-tourn"]
[EventCountry "TUR"]
[SourceTitle "playchess.com"]
[Source "ChessBase"]
[SourceQuality "1"]
[TimeControl "5400+30"]

1. e4 d6 2. d4 Nf6 3. Nc3 g6 4. Nf3 Bg7 5. Bg5 O-O {[%emt 0:00:00] LiveBook: 24 Games} 6. Qe2 $11 h6 7. Be3 c6 8. Qd2 Kh7 9. h3 b5 10. Bd3 Nbd7 11. O-O-O b4 12. Ne2 Qa5 13. Kb1 Nb6 14. c3 Be6 15. b3 bxc3 16. Qxc3 Qxc3 17. Nxc3 Rfb8 18. Kc2 a5 19. a4 Ra7 20. Nd2 Rc7 21. f4 d5 22. e5 Nfd7 23. g4 c5 24. f5 cxd4 25. Bxd4 Bxe5 26. Nf3 Bxd4 27. Nxd4 Rbc8 28. Ndb5 d4 29. fxe6 Rxc3+ 30. Nxc3 Rxc3+ 31. Kb2 fxe6 32. h4 Nc5 33. Bc2 e5 34. h5 Nd5 35. Bxg6+ Kg7 36. Rhf1 Rxb3+ 37. Ka1 Nxa4 38. Rf7+ Kg8 39. Rdf1 Ra3+ 40. Kb1 Nac3+ 41. Kb2 Ra2+ 42. Kb3 a4+ 43. Kc4 Ne3+ 44. Kd3 Nxf1 45. Rxf1 Rg2 46. Bf5 a3 47. Be6+ Kh7 48. Rf7+ Kh8 49. Rf8+ Kg7 50. Rf7+ 1/2-1/2

[Event "2nd Turkish League 2017"]
[Site "Konya"]
[Date "2017.07.23"]
[Round "9"]
[White "Kahya, Gizem"]
[Black "Simsek, Meltem"]
[Result "1/2-1/2"]
[ECO "D14"]
[WhiteElo "1634"]
[BlackElo "1752"]
[Annotator "NA"]
[PlyCount "65"]
[EventType "team-tourn"]
[EventCountry "TUR"]
[SourceTitle "playchess.com"]
[Source "ChessBase"]
[SourceQuality "1"]
[TimeControl "5400+30"]

1. d4 d5 2. c4 c6 3. cxd5 cxd5 4. Nc3 Nc6 5. Nf3 Nf6 6. Bf4 Bf5 7. e3 e6 8. Bd3 Bxd3 9. Qxd3 Bd6 10. Bxd6 Qxd6 11. O-O O-O 12. Rfc1 Rfc8 13. h3 h6 14. Ne2 Ne7 15. Rxc8+ Rxc8 16. Rc1 Rxc1+ 17. Nxc1 Nd7 18. Ne2 Qc7 19. Qc3 Qxc3 20. Nxc3 a6 21. Kf1 Kf8 22. Ke2 Ke8 23. Kd3 Nc6 24. a3 Ke7 25. Nd2 Kd6 26. Nb3 f6 27. f3 g6 28. Nd2 Ne7 29. g3 h5 30. b3 Nc6 31. Ndb1 b6 32. Nd2 Ne7 33. Ndb1 1/2-1/2

[Event "2nd Turkish League 2017"]
[Site "Konya"]
[Date "2017.07.23"]
[Round "9"]
[White "Ozcan, Ilker"]
[Black "Ozdemir, Ali"]
[Result "1/2-1/2"]
[ECO "D79"]
[WhiteElo "1565"]
[BlackElo "1762"]
[Annotator "NA"]
[PlyCount "60"]
[EventType "team-tourn"]
[EventCountry "TUR"]
[SourceTitle "playchess.com"]
[Source "ChessBase"]
[SourceQuality "1"]
[TimeControl "5400+30"]

1. d4 d5 2. Nf3 Nf6 3. g3 g6 4. Bg2 Bg7 5. O-O O-O 6. c4 c6 7. cxd5 cxd5 8. Nc3 Nc6 9. Qb3 Na5 10. Qd1 Nc6 11. Bf4 Bf5 12. Rc1 Rc8 13. Re1 Re8 14. h3 Ne4 15. Ne5 Nxe5 16. Nxe4 Bxe4 17. dxe5 Bxg2 18. Kxg2 Rxc1 19. Qxc1 Qc8 20. g4 Bf8 21. Qxc8 Rxc8 22. Rc1 Rxc1 23. Bxc1 Bg7 24. f4 e6 25. Kf3 Kf8 26. e4 dxe4+ 27. Kxe4 Ke7 28. Be3 b6 29. f5 gxf5+ 30. gxf5 f6 1/2-1/2

[Event "2nd Turkish League 2017"]
[Site "Konya"]
[Date "2017.07.23"]
[Round "9"]
[White "Ozsoy, Damla"]
[Black "Baloglu, Dila"]
[Result "1/2-1/2"]
[ECO "B34"]
[WhiteElo "1490"]
[BlackElo "1379"]
[Annotator "NA"]
[PlyCount "61"]
[EventType "team-tourn"]
[EventCountry "TUR"]
[SourceTitle "playchess.com"]
[Source "ChessBase"]
[SourceQuality "1"]
[TimeControl "5400+30"]

1. e4 c5 2. Nf3 g6 3. d4 cxd4 4. Nxd4 Bg7 5. Be3 Nf6 6. Nd2 Nc6 7. c3 O-O 8. Be2 d6 9. O-O Bd7 10. h3 Nxd4 11. cxd4 Rc8 12. Qb3 b6 13. Rac1 Bc6 14. d5 Bb7 15. Bd3 Nd7 16. Qa3 a5 17. Rxc8 Bxc8 18. Nb3 Nc5 19. Nxc5 dxc5 20. b3 e6 21. Bc4 exd5 22. Bxd5 Qc7 23. Qc1 Bb7 24. Rd1 Re8 25. Bf4 Qc8 26. Qc4 Qd7 27. Rc1 Be5 28. Bxe5 Rxe5 29. Bxb7 Qxb7 30. f3 Qd7 31. Qc2 1/2-1/2